 Dungeon Crawl Stone Soup version 0.29-a0-557-g43b9904bd1 (webtiles) character file.

Game seed: 8637034112437525985

78954 siradein the Warrior (level 15, 0/183 HPs)
             Began as an Ogre Berserker on June 9, 2022.
             Was a High Priest of Trog.
             Slain by Nessos
             ... wielding a +0 rapier
              (8 damage)
             ... on level 12 of the Dungeon.
             The game lasted 01:20:55 (22917 turns).

siradein the Warrior (Ogre Berserker)              Turns: 22917, Time: 01:20:57

Health: 0/183      AC:  5    Str: 26    XL:     15   Next: 62%
Magic:  15/15      EV: 18    Int: 12    God:    Trog [*****.]
Gold:   1836       SH:  0    Dex: 13    Spells: 14/14 levels left

rFire   . . .      SeeInvis +   b - +8 frozen axe "Frostbite" {freezing cloud, *Noise Fly rC+}
rCold   + . .      Faith    .   (shield currently unavailable)
rNeg    + + .      Spirit   .   U - +3 robe of Clouds {*Thunder rCloud rElec}
rPois   +          Reflect  .   (helmet restricted)
rElec   +          Harm     .   Z - +0 cloak
rCorr   .          Rampage  .   (gloves unavailable)
Will    +++..                   (boots unavailable)
Stlth   +.........              m - amulet of Wegytokh {Acrobat Slay+2}
HPRegen 1.40/turn               h - ring of the Skies Above {rPois rN+ EV+4 Str-5 Int+2}
MPRegen 0.14/turn               w - ring "Jyramaq" {rPois rN+ Int+2 Dex+3 SInv}

@: lethally poisoned (0 -> 0), strong-willed, corroded, on berserk cooldown,
flying, regenerating, slowed, very slow
A: large, unfitting armour, tough skin 1, iridescent scales 1, agile 1, mutation
resistance 1
a: Renounce Religion, Berserk, Trog's Hand, Brothers in Arms


You were on level 12 of the Dungeon.
You worshipped Trog.
Trog was extremely pleased with you.
You visited 2 branches of the dungeon, and saw 18 of its levels.
You also visited: Ossuary, Gauntlet and Ice Cave.

You collected 1892 gold pieces.
You spent 56 gold pieces at shops.

Inventory:

Hand Weapons
 b - the +8 frozen axe "Frostbite" (weapon) {freezing cloud, *Noise Fly rC+}
   (You found it in an ice cave)

   It freezes those it strikes, dealing additional cold damage.
   It can also slow down cold-blooded creatures.
   It occasionally leaves clouds of freezing vapour upon striking a foe.
   It grants immunity to clouds of freezing vapour.
   rC:        It protects you from cold.
   Fly:       It grants you flight.
   *Noise:    It may make noises in combat.
 H - the +13 scythe of Curses {drain, Drain}
   (You acquired it on level 1 of the Lair of Beasts)

   A truly terrible weapon, it drains the life of any living foe it strikes.
   It inflicts powerful necromantic curses on any living foe it strikes.
   Drain:     It drains your maximum health when unequipped.
Missiles
 a - a throwing net
 i - 5 datura-tipped darts
 s - 6 silver javelins
 B - 2 boomerangs of dispersal
 N - 45 poisoned darts (quivered)
 P - 15 boomerangs
 Q - a curare-tipped dart
Armour
 U - the +3 robe of Clouds (worn) {*Thunder rCloud rElec}
   (You found it in a Gauntlet)

   It occasionally creates storm clouds above nearby enemies.
   It grants its wearer immunity to clouds.
   rElec:     It insulates you from electricity.
 Z - a +0 cloak (worn)
Jewellery
 c - a ring of willpower
 g - a ring of protection from fire
 h - the ring of the Skies Above (left hand) {rPois rN+ EV+4 Str-5 Int+2}
   (You found it on level 3 of the Lair of Beasts)

   [ring of evasion]

   EV:        It affects your evasion (+4).
   Str:       It affects your strength (-5).
   Int:       It affects your intelligence (+2).
   rPois:     It protects you from poison.
   rN:        It protects you from negative energy.
 m - the amulet of Wegytokh (around neck) {Acrobat Slay+2}
   (You found it in a Gauntlet)

   [amulet of the acrobat]

   It increases your evasion while moving and waiting.
   Slay:      It affects your accuracy & damage with ranged weapons and melee
   (+2).
 w - the ring "Jyramaq" (right hand) {rPois rN+ Int+2 Dex+3 SInv}
   (You found it on level 4 of the Dungeon)

   [ring of positive energy]

   Int:       It affects your intelligence (+2).
   Dex:       It affects your dexterity (+3).
   rPois:     It protects you from poison.
   rN:        It protects you from negative energy.
   SInv:      It lets you see invisible.
 C - an amulet of regeneration
 T - a ring of protection from cold
Wands
 n - a wand of polymorph (6)
 v - a wand of iceblast (24)
 y - a wand of acid (21)
 A - a wand of mindburst (24)
 J - a wand of paralysis (3)
 M - a wand of digging (12)
 S - a wand of flame (2)
 W - a wand of charming (6)
Scrolls
 e - 10 scrolls of teleportation
 j - 4 scrolls of magic mapping
 o - 5 scrolls of blinking
 p - a scroll of silence {unknown}
 r - 5 scrolls of fog {unknown}
 u - 3 scrolls of poison
 D - 5 scrolls of enchant armour {unknown}
 G - a scroll of enchant weapon
 K - 3 scrolls of fear
 R - a scroll of brand weapon
 X - 3 scrolls of immolation {unknown}
Potions
 d - 9 potions of curing
 f - 8 potions of might
 k - 5 potions of heal wounds
 l - 2 potions of ambrosia
 q - 5 potions of mutation
 t - a potion of cancellation {unknown}
 x - 6 potions of attraction {unknown}
 z - 3 potions of lignification {unknown}
 F - 4 potions of berserk rage
 L - 2 potions of haste {unknown}
 V - 2 potions of resistance {unknown}
 Y - a potion of magic {unknown}
Miscellaneous
 O - a phial of floods


   Skills:
 + Level 20.0 Fighting
 + Level 9.7(12.6) Axes
 - Level 12.7(14.0) Polearms
 - Level 10.3 Throwing
 + Level 4.7 Armour
 + Level 11.4 Dodging


You had 14 spell levels left.
You didn't know any spells.
Your spell library was empty.

Dungeon Overview and Level Annotations

Branches:
Dungeon (12/15)            Temple (0/1) D:4            Lair (6/6) D:8
  Swamp (0/4) Lair:4        Snake (0/4) Lair:4        Slime (0/5) Lair:6
    Orc (0/2) D:9         Ossuary (visited)           IceCv (visited)
Gauntlet (visited)

Altars:
Cheibriados
Elyvilon
Hepliaklqana
Kikubaaqudgha
Ru
Trog
Zin

Shops:
D:4 *   D:8 =!

Annotations:
D:12 Nessos


Innate Abilities, Weirdness & Mutations

You are too large for most types of armour.
You have tough skin. (AC +1)
You are partially covered in iridescent scales. (AC +2)
You are agile. (Dex +2)
You are somewhat resistant to further mutation.


Message History

Nessos gestures wildly while chanting.
Nessos blinks!
You feel a strong urge to attack something.
You feel sick.
Nessos shoots an arrow.
The arrow closely misses you.
Nessos shoots an arrow.
The arrow barely misses you.
You feel very sick.
Nessos shoots an arrow.
The arrow completely misses you.
An acid dragon comes into view.
You feel your anger nearly subside.
You are no longer berserk.
You are exhausted.
You feel yourself slow down.
You feel sick.
Nessos unwields a +3 longbow of flaming.
It stops flaming.
Nessos wields a +0 rapier.
Nessos hits you with a +0 rapier!
* * * LOW HITPOINT WARNING * * *
Nessos barely misses you. Nessos misses you. x2
The acid dragon spits acid at you. The splash of acid hits you!!
* * * LOW HITPOINT WARNING * * *
You hear a roar!
You see here a +0 flail.
Unknown command.
Unknown command.
You feel much better.
You feel very sick.
Nessos misses you. x2; Nessos hits you with a +0 rapier.
* * * LOW HITPOINT WARNING * * *
Nessos kicks you.
* * * LOW HITPOINT WARNING * * *
Nessos hits you with a +0 rapier!
* * * LOW HITPOINT WARNING * * *
Nessos kicks you.
* * * LOW HITPOINT WARNING * * *
Unknown command.
You slice Nessos!! You freeze Nessos!
Nessos is severely wounded.
You feel very sick. Nessos hits you with a +0 rapier!
* * * LOW HITPOINT WARNING * * *
Nessos barely misses you. Nessos hits you with a +0 rapier!
You die...

....# #... ###.# ... ### .#
#.. ... .. ..# #.## #.## #..#
#...#.< #.# #####.....#. #c#
#........... #.# #@#
#†###.....#. #.# #.# #.#
#...#.. #.# #.# #.# #.## #.#
#.# #.# ## #.# #.# #.# ####.#
#.# #.#######
#.#####.##.####D#####........
.........#.##.†.......#######
##..........##.#........#


You could see Nessos (fast) and an acid dragon (catching breath).

Vanquished Creatures
  A minotaur (Gauntlet)
  4 hydras (Lair:6)
  2 ironbound frosthearts (IceCv)
  5 two-headed ogres
  A catoblepas (Lair:6)
  14 death yaks
  A deep troll (shapeshifter) (Gauntlet)
  3 lindwurms (Lair:6)
  A wolf spider (Lair:6)
  A manticore (shapeshifter) (Gauntlet)
  An ugly thing (D:12)
  An elephant (shapeshifter) (Gauntlet)
  2 manticores (Lair:6)
  5 elephants (Lair:6)
  A worldbinder (Gauntlet)
  A guardian serpent (Lair:6)
  11 black mambas
  3 ice statues
  A gargoyle (D:12)
  5 torpor snails
  9 rime drakes
  21 cane toads
  An unseen horror (D:11)
  2 kobold demonologists (D:9)
  A freezing wraith (Lair:5)
  12 komodo dragons
  11 polar bears
  3 trolls
  4 blink frogs (Lair:2)
  2 hornets (Lair:6)
  11 dream sheep
  A shadow (D:11)
  84 yaks
  3 wraiths
  20 wyverns
  2 vampire mosquitoes (D:11)
  2 steam dragons
  11 basilisks
  A redback (Lair:6)
  32 water moccasins
  4 swamp worms (Lair:4)
  9 ice beasts
  9 orc warriors
  4 black bears
  A boggart (shapeshifter) (Gauntlet)
  5 ogres
  36 wolves
  3 boggarts (Gauntlet)
  15 centaurs
  A phantom (D:7)
  An elf zombie (Ossuary)
  10 bullfrogs
  5 kobold brigands
  3 gnoll sergeants
  2 necrophages (D:6)
  6 scorpions
  5 wights
  An elephant simulacrum (Lair:1)
  11 killer bees
  2 electric eels
  A jelly (Lair:6)
  3 hounds
  7 orc priests
  A gnoll shaman (D:7)
  6 iguanas
  Ijyb (D:5)
  7 orc wizards
  2 wolf simulacra (Lair:1)
  3 mummies (Ossuary)
  14 gnolls
  7 adders
  A shadow imp (D:5)
  An ufetubus (D:5)
  2 adder zombies (Ossuary)
  3 dart slugs
  32 orcs
  4 ball pythons
  8 bats
  8 endoplasms
  2 giant cockroaches
  A gnoll zombie (Ossuary)
  6 goblins
  7 hobgoblins
  22 kobolds
  3 quokkas
  A frilled lizard (D:3)
  4 goblin zombies
  3 hobgoblin zombies (Ossuary)
  5 kobold zombies (Ossuary)
  2 quokka zombies
  2 rats
  2 rat zombies (Ossuary)
601 creatures vanquished.

Vanquished Creatures (others)
  A butterfly (D:10)
  26 demonic plants (Gauntlet)
  62 fungi
  78 plants
  14 withered plants (Gauntlet)
181 creatures vanquished.

Grand Total: 782 creatures vanquished

Notes
Turn   | Place    | Note
-------+----------+-------------------------------------------
     0 | D:1      | siradein the Ogre Berserker began the quest for the Orb.
     0 | D:1      | Reached XP level 1. HP: 24/24 MP: 1/1
    94 | D:1      | Found a faded altar of an unknown god.
   223 | D:1      | Reached XP level 2. HP: 32/32 MP: 2/2
  1016 | D:1      | Reached XP level 3. HP: 40/40 MP: 3/3
  1206 | D:2      | Reached XP level 4. HP: 15/49 MP: 4/4
  1523 | D:2      | Reached skill level 5 in Fighting
  1834 | D:2      | Reached ** piety under Trog
  2289 | D:3      | Reached skill level 1 in Throwing
  2289 | D:3      | Reached XP level 5. HP: 47/57 MP: 5/5
  3426 | D:4      | Found a staircase to the Ecumenical Temple.
  3491 | D:4      | Identified the ring "Jyramaq" {rPois rN+ Int+2 Dex+3 SInv}
  3519 | D:4      | Reached XP level 6. HP: 53/67 MP: 6/6
  3887 | D:4      | Found a hazy altar of Hepliaklqana.
  3986 | D:4      | Found Zin's Purification Station.
  3989 | D:4      | Found a glowing silver altar of Zin.
  4177 | D:5      | Entered Level 5 of the Dungeon
  4196 | D:5      | Reached skill level 6 in Fighting
  4285 | D:5      | Noticed Ijyb
  4316 | D:5      | Killed Ijyb
  4329 | D:5      | Reached XP level 7. HP: 56/75 MP: 7/7
  4603 | D:5      | Reached skill level 5 in Polearms
  5144 | D:6      | Reached skill level 7 in Fighting
  5161 | D:6      | Reached XP level 8. HP: 48/87 MP: 8/8
  5258 | D:6      | Reached skill level 5 in Dodging
  5289 | D:6      | Found a sand-covered staircase.
  5298 | Ossuary  | Entered an ossuary
  5403 | Ossuary  | Reached *** piety under Trog
  5740 | D:6      | Reached skill level 8 in Fighting
  5987 | D:6      | Reached XP level 9. HP: 72/97 MP: 9/9
  5995 | D:6      | Reached skill level 5 in Throwing
  6447 | D:6      | Gained mutation: You are partially covered in iridescent
                  | scales. (AC +2) [potion of mutation]
  6447 | D:6      | Gained mutation: You tend to lose your temper in combat.
                  | [potion of mutation]
  6447 | D:6      | Gained mutation: Your body sometimes deteriorates upon
                  | taking damage. [potion of mutation]
  6447 | D:6      | Gained mutation: You are agile. (Dex +2) [potion of
                  | mutation]
  6448 | D:6      | Lost mutation: Your body sometimes deteriorates upon taking
                  | damage. [potion of mutation]
  6448 | D:6      | Lost mutation: You tend to lose your temper in combat.
                  | [potion of mutation]
  6448 | D:6      | Gained mutation: You are somewhat resistant to further
                  | mutation. [potion of mutation]
  6612 | D:7      | Found a bloodstained altar of Trog.
  6647 | D:7      | Found a snail-covered altar of Cheibriados.
  6805 | D:7      | Reached skill level 9 in Fighting
  6838 | D:7      | Reached **** piety under Trog
  7739 | D:7      | Reached skill level 10 in Fighting
  7789 | D:7      | Identified a scroll of acquirement
  7816 | D:7      | Reached XP level 10. HP: 96/110 MP: 10/10
  7982 | D:8      | Found a staircase to the Lair.
  8750 | D:8      | Found Plog's Jewellery Shop.
  8825 | D:8      | Reached skill level 11 in Fighting
  8953 | D:8      | Found Yrav Tel's Distillery.
  8965 | D:8      | Bought a potion of might for 56 gold pieces
  9169 | D:9      | Noticed a two-headed ogre
  9309 | D:9      | Killed a two-headed ogre
  9523 | D:8      | Reached XP level 11. HP: 81/120 MP: 11/11
  9698 | D:9      | Noticed a two-headed ogre
  9719 | D:9      | Killed a two-headed ogre
  9786 | D:9      | Found a sacrificial altar of Ru.
 10150 | D:9      | Reached skill level 12 in Fighting
 10667 | D:9      | Reached ***** piety under Trog
 10751 | D:9      | Found a staircase to the Orcish Mines.
 11273 | D:10     | Entered Level 10 of the Dungeon
 11393 | D:10     | Found a white marble altar of Elyvilon.
 11407 | D:10     | Noticed a two-headed ogre
 11426 | D:10     | Killed a two-headed ogre
 11537 | D:10     | Found an ancient bone altar of Kikubaaqudgha.
 11604 | D:10     | Noticed a two-headed ogre
 11613 | D:10     | Killed a two-headed ogre
 11614 | D:10     | Reached skill level 10 in Polearms
 11890 | D:10     | Noticed a two-headed ogre
 11948 | D:10     | Killed a two-headed ogre
 12086 | D:10     | Reached skill level 13 in Fighting
 12094 | D:10     | Reached XP level 12. HP: 118/136 MP: 12/12
 13196 | Lair:1   | Entered Level 1 of the Lair of Beasts
 13217 | Lair:1   | Acquired the +13 scythe of Curses {drain, Drain}
 13217 | Lair:1   | Found the +13 scythe of Curses {drain, Drain}
 13264 | Lair:1   | Found a snail-covered altar of Cheibriados.
 13297 | Lair:1   | Reached skill level 10 in Throwing
 13370 | Lair:1   | Reached skill level 10 in Dodging
 13375 | Lair:1   | Reached skill level 14 in Fighting
 13418 | Lair:1   | Found a frozen archway.
 13429 | IceCv    | Entered an ice cave
 13692 | IceCv    | Reached XP level 13. HP: 146/148 MP: 13/13
 13739 | IceCv    | Reached skill level 15 in Fighting
 14149 | IceCv    | Reached skill level 16 in Fighting
 14452 | IceCv    | Found the +8 frozen axe "Frostbite" {freezing cloud, *Noise
                  | Fly rC+}
 15007 | Lair:1   | Reached skill level 1 in Axes
 15378 | Lair:1   | Received a gift from Trog
 15568 | Lair:2   | Reached ****** piety under Trog
 16065 | Lair:2   | Reached skill level 17 in Fighting
 16676 | Lair:3   | Reached skill level 5 in Axes
 16676 | Lair:3   | Reached XP level 14. HP: 166/166 MP: 14/14
 16804 | Lair:3   | Identified the ring of the Skies Above {rPois rN+ EV+4
                  | Str-5 Int+2}
 17195 | Lair:4   | Found a staircase to the Snake Pit.
 17261 | Lair:4   | Reached skill level 18 in Fighting
 17494 | Lair:4   | Found a staircase to the Swamp.
 17498 | Lair:4   | Received a gift from Trog
 18570 | Lair:6   | Entered Level 6 of the Lair of Beasts
 18582 | Lair:6   | Found a staircase to the Slime Pits.
 18731 | Lair:6   | Reached skill level 1 in Armour
 18808 | Lair:6   | Found a gate leading to a gauntlet.
 18820 | Lair:6   | Reached skill level 19 in Fighting
 18838 | Gauntlet | Entered a Gauntlet
 18838 | Gauntlet | Found a transporter.
 18861 | Gauntlet | Found a transporter.
 18869 | Gauntlet | Found the +3 robe of Clouds {*Thunder rCloud rElec}
 18876 | Gauntlet | Found a transporter.
 18881 | Gauntlet | Found a transporter.
 18896 | Gauntlet | Found a transporter.
 18915 | Gauntlet | Found a transporter.
 18926 | Gauntlet | Noticed a balrug
 18927 | Gauntlet | Found a transporter.
 18939 | Gauntlet | Found a transporter.
 18951 | Gauntlet | Found a transporter.
 18963 | Gauntlet | Found a transporter.
 18981 | Gauntlet | Found a transporter.
 18999 | Gauntlet | Found a transporter.
 19001 | Gauntlet | Found a transporter.
 19026 | Gauntlet | Found a transporter.
 19028 | Gauntlet | Found a transporter.
 19048 | Gauntlet | Found a transporter.
 19128 | Gauntlet | Found a transporter.
 19150 | Gauntlet | Found a transporter.
 19289 | Gauntlet | Noticed an emperor scorpion
 19293 | Gauntlet | an emperor scorpion changed into a death yak
 19489 | Gauntlet | Noticed a sphinx
 19490 | Gauntlet | Noticed a frost giant
 19490 | Gauntlet | a sphinx changed into a frost giant
 19492 | Gauntlet | a frost giant changed into a minotaur
 19541 | Gauntlet | Identified the amulet of Wegytokh {Acrobat Slay+2}
 19654 | Gauntlet | Identified the +7 short sword of Kerais {flame, rPois rN+
                  | Int+3}
 20162 | Lair:6   | Received a gift from Trog
 20173 | Lair:6   | Reached XP level 15. HP: 55/180 MP: 15/15
 22795 | D:12     | Reached skill level 20 in Fighting
 22815 | D:12     | Noticed Nessos
 22917 | D:12     | HP: 8/183 [Nessos/+0 rapier (9)]
 22917 | D:12     | Slain by Nessos

Illustrated notes

Levels and vault maps discovered:
D:1:      shiori_shiawase, layout_basic, basic_ecumenical_altar
D:2:      layout_rooms
D:3:      layout_basic, hangedman_glass_garden
D:4:      layout_rooms, zin_purify, mainiacjoe_overflow_boulevard,
          minmay_temple_entry_stoned_glass, serial_aquarium,
          aquarium_bridge_long_separate [aquarium_subvault_bridge,
          aquarium_subvault_wall, aquarium_subvault_bridge,
          aquarium_subvault_window, aquarium_subvault_bridge,
          aquarium_subvault_bridge], aquarium_window_fake, aquarium_window_2,
          aquarium_window_2, aquarium_view_2c, aquarium_balcony_5b,
          aquarium_pool_2, nicolae_elevator_lobby_plus
D:5:      layout_rooms, uniq_ijyb
D:6:      layout_basic, enter_ossuary_4, kennysheep_generic_room_2
D:7:      layout_loops_cross, trog_butcher_becter, mainiacjoe_overflow_brackets,
          serial_glass, glass_columns_a, glass_columns_a,
          kennysheep_generic_room_15
D:8:      layout_rooms, minmay_lair_entry_grove, serial_shops,
          nicolae_shop_hallway_plus, nicolae_square_shop
D:9:      layout_long_grid, nicolae_ru_path_of_blood,
          kennysheep_orc_monster_closet_entryway
D:10:     layout_long_grid, nicolae_elyvilon_peaceful_grove,
          nicolae_overflow_hidden_temple, minmay_misc_feat_roman, kennysheep_nub
D:11:     layout_basic
D:12:     layout_loops_ring, kennysheep_generic_room_5, uniq_nessos, uniq_fannar
Lair:1:   layout_roguey, portal_ice_cave_entry_ice_simulacra,
          kennysheep_snail_temple, infiniplex_staircase_pool_2
Lair:2:   layout_long_grid, grunt_megastairs_5, infiniplex_staircase_pool
Lair:3:   layout_roguey
Lair:4:   layout_misc_corridors, nicolae_swamp_entry_splash_gauntlet
Lair:5:   layout_roguey, minmay_holes, ice2_lemuel, lemuel_fruit_fields
Lair:6:   hangedman_lair_tendril_chambers, layout_regular_city,
          hangedman_lair_in_review, nicolae_slime_entry_slimehenge,
          gauntlet_entry_generic

Skill      XL: |  1  2  3  4  5  6  7  8  9 10 11 12 13 14 15 |
---------------+----------------------------------------------+-----
Dodging        | 3 4 5 6 8 9 10 11 | 11.4
Fighting       | 5 6 7 8 10 11 13 14 17 19 20 | 20.0
Polearms       | 4 5 6 7 8 10 11 12 | 12.7
Throwing       | 1 2 3 4 6 7 9 10 | 10.3
Axes           | 5 8 9 |  9.7
Armour         | 2 4 |  4.7

Action                   |  1- 3 |  4- 6 |  7- 9 | 10-12 | 13-15 || total
-------------------------+-------+-------+-------+-------+-------++-------
Melee: Spear             |    91 |   222 |   717 |   149 |       ||  1179
       Punch             |       |     2 |     6 |    21 |       ||    29
       Trident           |       |       |       |   667 |       ||   667
       Scythe            |       |       |       |   135 |    91 ||   226
       Executioner's axe |       |       |       |       |   492 ||   492
Throw: Dart              |       |       |       |     6 |       ||     6
       Boomerang         |       |       |       |     1 |       ||     1
Invok: Berserk           |     1 |     2 |     7 |     7 |     7 ||    24
       Trog's Hand       |       |       |       |       |     7 ||     7
  Use: Scroll            |       |       |    10 |     5 |     5 ||    20
       Potion            |       |       |     2 |       |     1 ||     3
 Stab: Sleeping          |       |     3 |     1 |     1 |       ||     5
       Distracted        |       |       |       |     1 |       ||     1
Armor: Animal skin       |    12 |    37 |   136 |    57 |       ||   242
       Steam dragon scal |       |       |       |   140 |       ||   140
       Troll leather arm |       |       |       |    43 |    90 ||   133
       Robe              |       |       |       |     2 |    67 ||    69
Dodge: Dodged            |    34 |   107 |   352 |   653 |   620 ||  1766

Table legend: (Time is in decaauts)
 A = Elapsed time spent in this place.
 B = Non-inter-level travel time spent in this place.
 C = Inter-level travel time spent in this place.
 D = Time resting spent in this place.
 E = Time spent auto-exploring this place.
 F = Levels seen in this place.
 G = Mean time per level.
                   A        B        C        D        E       F      G
               +--------+--------+--------+--------+--------+-----+--------+
         Total |  23195 |  22352 |    843 |   2491 |  13261 |  21 | 1104.5 |
       Dungeon |  13347 |  12779 |    568 |   1679 |   7424 |  12 | 1112.2 |
          Lair |   7295 |   7020 |    275 |    421 |   4773 |   6 | 1215.8 |
       Ossuary |    257 |    257 |      0 |     55 |     76 |   1 |  257.0 |
      Ice Cave |   1438 |   1438 |      0 |    275 |    652 |   1 | 1438.0 |
      Gauntlet |    857 |    857 |      0 |     59 |    335 |   1 |  857.0 |
               +--------+--------+--------+--------+--------+-----+--------+

Top non-repeatable levels by time:
  Lair:6: 3046 daAuts
     D:7: 2057 daAuts
     D:1: 1585 daAuts
     D:9: 1562 daAuts
   IceCv: 1438 daAuts
     D:8: 1246 daAuts
     D:4: 1109 daAuts
  Lair:1: 1088 daAuts
    D:10: 1074 daAuts
     D:6: 1047 daAuts
     D:3: 990 daAuts
  Lair:2: 946 daAuts
  Lair:5: 860 daAuts
Gauntlet: 857 daAuts
    D:11: 828 daAuts
